 Dungeon Crawl Stone Soup version 0.30-a0-576-g89cddaab80 (webtiles) character file.

Game seed: 12269463154496574161

11809 Newt the Cruncher (level 11, -3/86 HPs)
             Began as a Demonspawn Gladiator on Dec 30, 2022.
             Was an Elder of Wu Jian.
             Slain by an elephant (9 damage)
             ... on level 1 of the Lair of Beasts.
             The game lasted 00:18:24 (10925 turns).

Newt the Cruncher (Demonspawn Gladiator)           Turns: 10925, Time: 00:18:24

Health: -3/86      AC: 13    Str: 22    XL:     11   Next: 54%
Magic:  27/27      EV: 14    Int:  9    God:    Wu Jian [****..]
Gold:   687        SH:  0    Dex: 20    Spells: 13/20 levels left

rFire   . . .      SeeInvis .    a - +5 quarterstaff of Analysis {flame, rCorr Str+3 Dex+5 Stlth-}
rCold   . . .      Faith    .    (shield currently unavailable)
rNeg    + . .      Spirit   .    T - +0 leather armour of Dithmenos's Grace {Will+}
rPois   .          Reflect  .    c - +0 helmet
rElec   .          Harm     .    B - +2 cloak
rCorr   +          Rampage  .    (no gloves)
Will    +....                    g - +2 pair of boots
Stlth   +                        K - amulet of the acrobat
HPRegen 0.34/turn                i - ring of positive energy
MPRegen 0.20/turn                U - ring of magical power

@: no status effects
A: thin metallic scales 1, spiny 2, demonic magic 1, demonic touch 2
a: Renounce Religion, Wall Jump, Serpent's Lash


You were on level 1 of the Lair of Beasts.
You worshipped Wu Jian.
Wu Jian was greatly pleased with you.
You visited 2 branches of the dungeon, and saw 9 of its levels.
You also visited: Ossuary.

You collected 687 gold pieces.

Inventory:

Hand Weapons
 a - the +5 quarterstaff of Analysis (weapon) {flame, rCorr Str+3 Dex+5 Stlth-}
   (You found it on level 4 of the Dungeon)

   It burns those it strikes, dealing additional fire damage.
   Str:       It affects your strength (+3).
   Dex:       It affects your dexterity (+5).
   rCorr:     It protects you from acid and corrosion.
   Stlth:     It makes you less stealthy.
 b - a +2 hand crossbow of flaming
 r - a +0 rapier
 t - a +4 quarterstaff of chaos
 z - a +0 sling
 J - a +1 falchion of electrocution
Missiles
 d - 4 throwing nets (quivered)
 e - a javelin
 f - 25 poisoned darts
 p - 6 silver javelins
 v - 6 boomerangs
 w - 6 atropa-tipped darts
Armour
 c - a +0 helmet (worn)
 g - a +2 pair of boots (worn)
 m - a +0 leather armour
 s - a +0 cloak
 B - a +2 cloak (worn)
 L - a +0 cloak
 P - a +0 buckler
 T - the +0 leather armour of Dithmenos's Grace (worn) {Will+}
   (You found it on level 7 of the Dungeon)

   Will:      It increases your willpower.
Jewellery
 i - a ring of positive energy (left hand)
 x - a ring of flight
 K - an amulet of the acrobat (around neck)
 U - a ring of magical power (right hand)
 V - a ring of protection from fire
 W - an amulet of regeneration
Wands
 R - a wand of mindburst (15)
Scrolls
 h - 5 scrolls of amnesia
 u - a scroll of vulnerability
 y - 3 scrolls of magic mapping
 A - a scroll of teleportation
 H - a scroll of summoning {unknown}
 I - 3 scrolls of fog
 M - 2 scrolls of blinking
 N - a scroll of brand weapon {unknown}
 Q - a scroll of enchant armour {unknown}
 S - 2 scrolls of fear
Potions
 j - a potion of mutation
 k - 2 potions of curing
 l - 2 potions of resistance
 n - 2 potions of flight
 o - a potion of invisibility
 q - 2 potions of attraction {unknown}
 C - a potion of cancellation {unknown}
 D - 2 potions of haste
 F - a potion of brilliance
 G - a potion of degeneration {unknown}
 O - a potion of lignification {unknown}


   Skills:
 - Level 8.0 Fighting
 - Level 2.6(2.7) Short Blades
 - Level 0.2(1.6) Long Blades
 + Level 8.0 Staves
 - Level 6.0 Ranged Weapons
 - Level 1.7 Throwing
 - Level 4.0 Armour
 - Level 4.0 Dodging
 - Level 2.0 Stealth
 - Level 5.0 Spellcasting
 - Level 5.0 Ice Magic
 - Level 8.0 Evocations


You had 13 spell levels left.
You knew the following spells:

 Your Spells              Type           Power      Damage    Failure   Level
a - Freeze                Ice            44%        1d6       3%          1
b - Frozen Ramparts       Ice            22%        1d4       11%         3
c - Hailstorm             Conj/Ice       6%         3d4       30%         3

Your spell library contained the following spells:

 Spells                   Type           Power      Damage    Failure   Level
 Ensorcelled Hibernation  Hex/Ice        12%        N/A       16%         2
 Magic Dart               Conj           8%         1d3       28%         1
 Slow                     Hex            8%         N/A       28%         1
 Summon Small Mammal      Summ           8%         N/A       28%         1
 Searing Ray              Conj           4%         2d4       38%         2
 Call Canine Familiar     Summ           2%         N/A       63%         3
 Confusing Touch          Hex            2%         N/A       63%         3
 Spider Form              Tmut/Pois      2%         N/A       63%         3
 Summon Guardian Golem    Hex/Summ       2%         N/A       63%         3
 Vampiric Draining        Necr           2%         2d6       63%         3
 Anguish                  Hex/Necr       1%         N/A       95%         4
 Fulminant Prism          Conj/Hex       1%         3d5       95%         4


Dungeon Overview and Level Annotations

Branches:
Dungeon (8/15)             Temple (0/1) D:6            Lair (1/5) D:8
Ossuary (visited)

Altars:
Ashenzari
Cheibriados
Gozag
Hepliaklqana
Nemelex Xobeh
Qazlal
Ru
Sif Muna
Vehumet
Wu Jian
Xom

Annotations:
D:4 2 transporters, Oilfan94's ghost, amateur HuHu


Innate Abilities, Weirdness & Mutations

You are partially covered in thin metallic scales. (AC +2)
You are mostly covered in sharp spines.
Spells you cast may paralyse adjacent enemies.
Your touch may inflict irresistible damage on your foes.


Message History

You hit the elephant. You burn the elephant.
The elephant is lightly wounded.
The elephant tramples you.
* * * LOW HITPOINT WARNING * * *
You hold your ground!
The elephant trunk-slaps you but does no damage.
You completely miss the elephant.
The elephant is lightly wounded.
You barely miss the elephant.
The elephant is almost dead.
You hit the elephant. You burn the elephant.
The elephant is almost dead.
The elephant is struck by your spines. The elephant tramples you.
* * * LOW HITPOINT WARNING * * *
You hold your ground!
The elephant barely misses you.
You hit the elephant. You burn the elephant.
You kill the elephant!
The Council accepts your kill.
Training target 8.0 for Evocations reached!
Your Evocations skill increases to level 8!
You need to enable at least one skill for training.
You thump the elephant! You burn the elephant.
The elephant is moderately wounded.
The elephant is struck by your spines. The elephant closely misses you.
The elephant trunk-slaps you but does no damage.
Unknown command.
You hit the elephant but do no damage.
The elephant is moderately wounded.
The elephant tramples you!
* * * LOW HITPOINT WARNING * * *
You hold your ground!
The elephant trunk-slaps you but does no damage.
Unknown command.
Throw: 5 throwing nets
Press: ? - help, Shift-Dir - straight line, f - elephant
Aim: an elephant (moderately wounded, 91% to hit, immune to nets)
You throw a throwing net.
The throwing net barely misses the elephant.
The elephant tramples you!
You die...

##.....##...........
#.....#...#.........
#.....##.###........
#.....#..# #P.......
##......## ##.......
##.....# ##.....#
#....## ### ##.[##
#@#.# ##Y## ##..#
##.Y## #...# ##
####.###.#
####.#......## #
######............#
####............††>..#


You could see an elephant.

Vanquished Creatures
  A dancing weapon (D:8)
  Erica (Lair:1)
  The ghost of olddryhag the Grappler, a novice TrFi of Uskayaw (D:8)
  An oklob plant (D:8)
  2 manticores (D:7)
  Joseph (D:7)
  2 elephants (Lair:1)
  A black mamba (Lair:1)
  Maggie (D:6)
  3 cane toads (Lair:1)
  2 hornets (D:7)
  4 blink frogs (Lair:1)
  A wyvern (D:7)
  9 yaks
  A basilisk (D:7)
  An acid dragon (D:7)
  7 water moccasins
  2 sky beasts (D:7)
  An ice beast (D:7)
  A black bear (D:7)
  2 centaurs
  5 wolves (Lair:1)
  2 phantoms
  A kobold brigand (D:6)
  2 bullfrogs
  2 gnoll sergeants
  2 necrophages
  A scorpion (D:5)
  4 wights
  A howler monkey (D:7)
  3 hounds
  4 orc priests
  8 jellies
  Crazy Yiuf (D:2)
  2 gnoll boudas
  4 iguanas
  4 orc wizards
  8 mummies (Ossuary)
  Robin (D:3)
  10 gnolls
  8 adders
  A shadow imp (D:5)
  2 worms
  3 dart slugs
  22 orcs
  9 bats
  22 endoplasms
  2 giant cockroaches
  15 goblins
  8 hobgoblins
  9 jackals
  10 kobolds
  A quokka (D:1)
  2 ball pythons
  15 frilled lizards
  2 gnoll zombies (Ossuary)
  4 hobgoblin zombies (Ossuary)
  A kobold zombie (Ossuary)
  An orc zombie (Ossuary)
  5 rats
252 creatures vanquished.

Vanquished Creatures (others)
  6 fungi
  18 plants
24 creatures vanquished.

Grand Total: 276 creatures vanquished

Notes
Turn   | Place    | Note
-------+----------+-------------------------------------------
     0 | D:1      | Newt the Demonspawn Gladiator began the quest for the Orb.
     0 | D:1      | Reached XP level 1. HP: 16/16 MP: 1/1
   131 | D:1      | Reached skill level 1 in Stealth
   338 | D:1      | Gained mutation: Spells you cast may paralyse adjacent
                  | enemies. [demonic ancestry]
   338 | D:1      | Reached XP level 2. HP: 20/22 MP: 2/2
   732 | D:2      | Reached skill level 1 in Ranged Weapons
   763 | D:2      | Reached XP level 3. HP: 27/27 MP: 3/3
  1016 | D:2      | Found a runed translucent door.
  1017 | D:2      | Noticed Crazy Yiuf
  1032 | D:2      | Killed Crazy Yiuf
  1033 | D:2      | Reached XP level 4. HP: 33/33 MP: 4/4
  2734 | D:3      | Found a hazy altar of Hepliaklqana.
  2737 | D:3      | Found a shimmering blue altar of Sif Muna.
  2741 | D:3      | Found a broken altar of Ashenzari.
  2743 | D:3      | Found an opulent altar of Gozag.
  2744 | D:3      | Found an ornate altar of the Wu Jian Council.
  2744 | D:3      | Found a snail-covered altar of Cheibriados.
  2744 | D:3      | Found a sparkling altar of Nemelex Xobeh.
  2744 | D:3      | Found a stormy altar of Qazlal.
  2746 | D:3      | Found a sacrificial altar of Ru.
  2748 | D:3      | Found a radiant altar of Vehumet.
  2810 | D:3      | Gained mutation: You are partially covered in sharp spines.
                  | [demonic ancestry]
  2810 | D:3      | Reached XP level 5. HP: 38/38 MP: 5/5
  2842 | D:3      | Became a worshipper of the Wu Jian Council
  3101 | D:3      | Noticed Robin
  3122 | D:3      | Killed Robin
  3246 | D:3      | Found a faded altar of an unknown god.
  3438 | D:4      | Identified a scroll of acquirement
  3438 | D:4      | Acquired a +2 hand crossbow of flaming
  3511 | D:4      | Noticed a phantom
  3514 | D:4      | Killed a phantom
  3541 | D:4      | Found a transporter.
  3542 | D:4      | Noticed Oilfan94's ghost (amateur HuHu)
  3543 | D:4      | Noticed an ogre
  3682 | D:4      | Found a sand-covered staircase.
  3698 | Ossuary  | Entered an ossuary
  3715 | Ossuary  | Reached * piety under Wu Jian
  3719 | Ossuary  | Gained mutation: Your touch may inflict minor irresistible
                  | damage on your foes. [demonic ancestry]
  3719 | Ossuary  | Reached XP level 6. HP: 44/44 MP: 6/6
  3728 | Ossuary  | Reached skill level 5 in Ranged Weapons
  4027 | D:4      | Identified the +5 quarterstaff of Analysis {flame, rCorr
                  | Str+3 Dex+5 Stlth-}
  4395 | D:4      | Found a transporter.
  4405 | D:5      | Entered Level 5 of the Dungeon
  4570 | D:5      | Reached skill level 1 in Staves
  4595 | D:5      | Gained mutation: You are partially covered in thin metallic
                  | scales. (AC +2) [demonic ancestry]
  4595 | D:5      | Reached XP level 7. HP: 50/50 MP: 7/7
  4600 | D:5      | Reached ** piety under Wu Jian
  5529 | D:6      | Noticed a yak
  5529 | D:6      | Noticed a yak
  5529 | D:6      | Noticed a yak
  5529 | D:6      | Noticed a yak
  5529 | D:6      | Noticed a yak
  5530 | D:6      | Noticed a yak
  5550 | D:5      | Killed a yak
  5551 | D:5      | Reached skill level 5 in Staves
  5553 | D:5      | HP: 2/51 [yak (5)]
  5557 | D:5      | Killed a yak
  5558 | D:5      | Gained mutation: You are mostly covered in sharp spines.
                  | [demonic ancestry]
  5558 | D:5      | Reached XP level 8. HP: 4/60 MP: 8/8
  5869 | D:5      | Reached skill level 5 in Fighting
  6142 | D:6      | Found a staircase to the Ecumenical Temple.
  6169 | D:6      | Noticed Maggie
  6184 | D:6      | Killed Maggie
  6185 | D:6      | Reached XP level 9. HP: 19/68 MP: 9/9
  7376 | D:7      | Noticed Joseph
  7384 | D:7      | Killed Joseph
  7432 | D:7      | Identified the +0 leather armour of Dithmenos's Grace
                  | {Will+}
  7638 | D:7      | Reached skill level 1 in Evocations
  7646 | D:7      | Reached *** piety under Wu Jian
  7680 | D:7      | Noticed a manticore
  7710 | D:7      | Killed a manticore
  7711 | D:7      | Reached skill level 5 in Evocations
  7711 | D:7      | Reached skill level 1 in Spellcasting
  7711 | D:7      | Reached XP level 10. HP: 15/74 MP: 2/12
  8016 | D:7      | Noticed a manticore
  8029 | D:7      | Killed a manticore
  8163 | D:7      | Found the +8 Wrath of Trog {antimagic, *Rage Rampage}
  8165 | D:7      | Identified the +7 war axe of the Forsaken Deaths {freeze,
                  | Int+3}
  8571 | D:8      | Reached skill level 5 in Spellcasting
  8631 | D:8      | Learned a level 1 spell: Freeze
  8825 | D:8      | Found a runed translucent door.
  8825 | D:8      | Found a shimmering altar of Xom.
  8825 | D:8      | Noticed olddryhag's ghost (novice TrFi)
  8826 | D:8      | Noticed a +1 mace of chaos
  8838 | D:8      | Killed a +1 mace of chaos
  8849 | D:8      | HP: 3/77 [olddryhag's ghost (14)]
  8861 | D:8      | HP: 2/77 [olddryhag's ghost (23)]
  8865 | D:8      | Killed olddryhag's ghost
  9291 | D:8      | Found a staircase to the Lair.
  9433 | D:8      | Noticed an oklob plant
  9454 | D:8      | Reached skill level 1 in Ice Magic
  9471 | D:8      | Reached **** piety under Wu Jian
  9490 | D:8      | Killed an oklob plant
  9973 | Lair:1   | Entered Level 1 of the Lair of Beasts
 10014 | Lair:1   | Learned a level 3 spell: Frozen Ramparts
 10026 | Lair:1   | Gained mutation: Your touch may inflict irresistible damage
                  | on your foes. [demonic ancestry]
 10026 | Lair:1   | Reached XP level 11. HP: 86/86 MP: 18/18
 10203 | Lair:1   | Reached skill level 5 in Ice Magic
 10275 | Lair:1   | Noticed Erica
 10279 | Lair:1   | Killed Erica
 10635 | Lair:1   | Learned a level 3 spell: Hailstorm
 10925 | Lair:1   | Slain by an elephant

Illustrated notes

Levels and vault maps discovered:
D:1:      lemuel_arrival_rhombus, layout_basic
D:2:      layout_basic, basic_altar, minmay_fountain_box, minmay_tromino_i4,
          uniq_crazy_yiuf_cottage
D:3:      layout_basic, minitemple, shapermc_ecumenical_altar_mp_ritualfount,
          uniq_robin
D:4:      layout_loops_ring, gammafunk_ghost_smash,
          nicolae_ossuary_entry_false_entrances, minmay_lizard_king
D:5:      layout_basic
D:6:      layout_cave_pods, minmay_temple_entry_drinking_statues, uniq_maggie
D:7:      layout_loops_ring, minmay_the_grid_2x2 [minmay_the_grid_spikes,
          minmay_the_grid_plusring, minmay_the_grid_embedded,
          minmay_the_grid_prize_shrinking_boxes], uniq_joseph
D:8:      lemuel_slime, layout_rooms, lair_entry_dummy, ebering_ghost_xom,
          hangedman_abyss_or_decor_stabs,
          nicolae_concentric_dashed_squares_wild, minmay_misc_feat_alley
Lair:1:   layout_cave_pods, uniq_erica

Skill      XL: |  1  2  3  4  5  6  7  8  9 10 11 |
---------------+----------------------------------+-----
Stealth        | 1 2 |  2.0
Ranged Weapons | 1 2 3 4 6 |  6.0
Staves         | 2 5 6 8 |  8.0
Fighting       | 3 5 8 |  8.0
Dodging        | 4 |  4.0
Armour         | 2 4 |  4.0
Evocations     | 5 8 |  8.0
Spellcasting   | 1 5 |  5.0
Ice Magic      | 3 5 |  5.0
Short Blades   | |  2.6
Long Blades    | |  0.2
Throwing       | |  1.7

Action                   |  1- 3 |  4- 6 |  7- 9 | 10-12 || total
-------------------------+-------+-------+-------+-------++-------
Melee: Rapier            |    35 |    35 |       |       ||    70
       Falchion          |       |    46 |     2 |       ||    48
       Quarterstaff      |       |       |   119 |   229 ||   348
       Touch             |       |       |     1 |       ||     1
 Fire: Sling             |    57 |    93 |       |       ||   150
       Hand crossbow     |       |    64 |    30 |       ||    94
Throw: Dart              |     5 |       |       |       ||     5
       Throwing net      |     2 |       |       |     1 ||     3
 Cast: Frozen Ramparts   |       |       |       |     1 ||     1
Invok: Lunge             |       |       |     9 |    23 ||    32
       Whirlwind         |       |       |    36 |    14 ||    50
       Serpent's Lash    |       |       |     1 |       ||     1
 Abil: Wall Jump         |       |       |       |     2 ||     2
Evoke: Wand              |       |       |       |     1 ||     1
  Use: Scroll            |     3 |     8 |     2 |     3 ||    16
       Potion            |     1 |       |     2 |    10 ||    13
 Stab: Held in net/web   |     1 |       |       |       ||     1
       Sleeping          |       |       |     1 |       ||     1
Armor: Leather armour    |    30 |    68 |    44 |    59 ||   201
Dodge: Dodged            |    54 |   101 |   103 |   121 ||   379

Table legend: (Time is in decaauts)
 A = Elapsed time spent in this place.
 B = Non-inter-level travel time spent in this place.
 C = Inter-level travel time spent in this place.
 D = Time resting spent in this place.
 E = Time spent auto-exploring this place.
 F = Levels seen in this place.
 G = Mean time per level.
                   A        B        C        D        E       F      G
               +--------+--------+--------+--------+--------+-----+--------+
         Total |  10995 |  10690 |    305 |   3218 |   5733 |  10 | 1099.5 |
       Dungeon |   9858 |   9554 |    304 |   2879 |   5212 |   8 | 1232.2 |
          Lair |    945 |    945 |      0 |    339 |    423 |   1 |  945.0 |
       Ossuary |    192 |    192 |      0 |      0 |     98 |   1 |  192.0 |
               +--------+--------+--------+--------+--------+-----+--------+

Top non-repeatable levels by time:
     D:5: 1701 daAuts
     D:3: 1620 daAuts
     D:8: 1413 daAuts
     D:7: 1291 daAuts
     D:6: 1146 daAuts
     D:2: 1134 daAuts
  Lair:1: 945 daAuts
     D:4: 814 daAuts
     D:1: 734 daAuts
 Ossuary: 192 daAuts
